 Dungeon Crawl Stone Soup version 0.20-a0-208-g55166f7 (webtiles) character file.

14 deepsabbath the Firebug (level 2, 0/15 HPs)
             Began as a Deep Elf Fire Elementalist on Nov 25, 2016.
             Succumbed to an adder's poison
             ... on level 2 of the Dungeon.
             The game lasted 00:03:37 (1604 turns).

deepsabbath the Firebug (DEFE)                      Turns: 1604, Time: 00:03:38

Health: 0/15       AC:  6    Str:  5    XL:     2   Next: 27%
Magic:  8/8        EV:  9    Int: 19    God:
Gold:   119        SH:  0    Dex: 15    Spells: 7/7 levels left

rFire  . . .     SeeInvis .     i - +1 short sword
rCold  . . .     Gourm    .     g - +0 ring mail
rNeg   . . .     Faith    .     (no shield)
rPois  .         Spirit   .     d - +1 hat
rElec  .         Reflect  .     (no cloak)
rCorr  .         Harm     .     (no gloves)
MR     .....                    (no boots)
Stlth  +.........               (no amulet)
                                (no ring)
                                (no ring)

@: lethally poisoned (0 -> -9)
A: no striking features
a: no special abilities


You were on level 2 of the Dungeon.
You were very hungry.

You visited 1 branch of the dungeon, and saw 3 of its levels.

You collected 119 gold pieces.

Inventory:

Hand Weapons
 e - a +0 mace
   (You found it on level 1 of the Dungeon)
 i - a +1 short sword (weapon)
   (You found it on level 2 of the Dungeon)
Armour
 a - a +0 robe
 d - a +1 hat (worn)
   (You found it on level 1 of the Dungeon)
 g - a +0 ring mail (worn)
   (You found it on level 3 of the Dungeon)
 k - a +0 chain mail
   (You found it on level 1 of the Dungeon)
Scrolls
 f - a scroll of remove curse
 h - a scroll of noise {!r}
Books
 b - a book of Flames
Comestibles
 c - a bread ration {@e1}
 m - a meat ration {@e2}


   Skills:
 * Level 1.7 Short Blades
 - Level 0.3 Maces & Flails
 - Level 2.4 Dodging
 - Level 2.4 Stealth
 - Level 3.0 Spellcasting
   Level 1.1 Conjurations
   Level 3.2 Fire Magic


You had 7 spell levels left.
You didn't know any spells.

Dungeon Overview and Level Annotations

Branches:
Dungeon (3/15)

Altars:
The Shining One


Message History

The bat closely misses you.
You hit the bat.
You kill the bat!
No target in view!
No target in view!
m - a meat ration {@e2} You see here 10 stones.
You see here 15 arrows.
You open the door.
There is an open door here.
You are feeling hungry.
You now have 119 gold pieces (gained 9).
n - a scroll labeled QUSENI WETHOPH As you open the door, it creaks loudly!
There is an open door here.
Found an escape hatch in the floor.
There is an escape hatch in the floor here.
Done exploring.
Done exploring.
There is an escape hatch in the floor here.
You slide downwards.
The hatch slams shut behind you.
A giant cockroach comes into view.
You hit the giant cockroach but do no damage.
The giant cockroach completely misses you.
The giant cockroach bites you but does no damage.
You closely miss the giant cockroach. The giant cockroach bites you.
You take 1 damage, and have 14/15 hp.
You hit the giant cockroach.
The giant cockroach bites you but does no damage.
You hit the giant cockroach.
You kill the giant cockroach!
No target in view!
No target in view!
A bat comes into view.
Health restored: 15 The bat hits you but does no damage.
You are feeling very hungry.
You closely miss the bat. The bat barely misses you.
The bat hits you but does no damage. The bat closely misses you.
The bat barely misses you. The bat completely misses you.
You barely miss the bat. The bat completely misses you.
The bat hits you but does no damage. The bat barely misses you.
You hit the bat but do no damage. The bat hits you but does no damage.
The bat barely misses you.
You miss the bat. The bat closely misses you. The bat hits you.
You take 1 damage, and have 14/15 hp.
An adder comes into view.
The bat closely misses you. x2
The adder hisses angrily.
You hit the bat but do no damage. The bat barely misses you.
A worm comes into view.
The bat barely misses you. The bat hits you but does no damage.
The adder bites you.
You are poisoned.
The adder poisons you!
You take 1 damage, and have 13/15 hp.
You feel sick. The bat hits you but does no damage.
You take 1 damage, and have 12/15 hp.
You feel sick. The bat misses you.
You take 1 damage, and have 11/15 hp.
The bat hits you. The bat hits you but does no damage.
You take 1 damage, and have 10/15 hp.
You hit the bat but do no damage. The bat misses you.
The bat barely misses you.
You barely miss the bat.
You feel sick. The bat hits you but does no damage.
You take 1 damage, and have 9/15 hp.
You hit the adder but do no damage. The adder bites you but does no damage.
You aren't carrying any potions.
As you read the scroll labeled CARGHY LIOGAGH, it crumbles to dust.
It is a scroll of identify.
h - a scroll of noise You feel sick.
The adder bites you.
* * * LOW HITPOINT WARNING * * *
You take 5 damage, and have 4/15 hp.
MASSIVE DAMAGE!!
As you read the scroll labeled CUVUYS RITYOSK, it crumbles to dust.
It is a scroll of amnesia.
Forget which spell ([?*] list [ESC] exit)?
Your memory of Flame Tongue unravels.
The adder completely misses you. The adder bites you.
* * * LOW HITPOINT WARNING * * *
You are more poisoned.
The adder poisons you!
You take 1 damage, and have 3/15 hp.
As you read the scroll labeled QUSENI WETHOPH, it crumbles to dust.
It is a scroll of enchant weapon.
Your +0 short sword glows red for a moment.
* * * LOW HITPOINT WARNING * * *
You feel sick. The adder bites you but does no damage.
You take 1 damage, and have 2/15 hp.
You puncture the adder! The adder bites you but does no damage.
You barely miss the adder.
* * * LOW HITPOINT WARNING * * *
You feel sick. The adder barely misses you.
The adder bites you but does no damage.
You take 1 damage, and have 1/15 hp.
You hit the adder but do no damage.
You die...

.....# ##..##
#.#### #...#
#.. ##..# ##.
#..## ..
##..# #. #..#
# .#
##.######.#
####w.......#
#.@Sb....##.#
#.###.......#
#. #..#.#...
#. #..#....
#. #..# #..
#. #w.# #. #.
#... #. ##..
..#


You could see a worm, an adder and a bat.

Vanquished Creatures
  A giant cockroach (D:2)
  3 goblins
  A hobgoblin (D:1)
  2 kobolds (D:2)
  4 bats
  2 rats
13 creatures vanquished.

Notes
Turn   | Place    | Note
-------+----------+-------------------------------------------
     0 | D:1      | deepsabbath the Deep Elf Fire Elementalist began the quest for the Orb.
     0 | D:1      | Reached XP level 1. HP: 10/10 MP: 6/6
   204 | D:3      | Found a glowing golden altar of the Shining One.
   732 | D:2      | Reached skill level 1 in Short Blades
  1028 | D:1      | Reached XP level 2. HP: 15/15 MP: 8/8
  1600 | D:2      | HP: 3/15 [adder (1)]
  1603 | D:2      | HP: 1/15 [poisoned by an adder]
  1604 | D:2      | Succumbed to an adder's poison

Vault maps used:
D:1:      dpeg_arrival_shelter
D:2:      nicolae_overflow_crystal_walls, minmay_cut_off,
          uniq_crazy_yiuf_cottage
D:3:      zin_angel, tso_oasis_becter, old_standard_altar, first_bread

Skill      XL: |  1 |
---------------+----+-----
Short Blades   | 1 |  1.7
Maces & Flails | |  0.3
Dodging        | |  2.4
Stealth        | |  2.4
Spellcasting   | |  3.0
Conjurations   | |  1.1
Fire Magic     | |  3.2

Action                   || total
-------------------------++-------
Melee: Short sword       ||    61
       Mace              ||     8
  Use: Scroll            ||     5
 Stab: Sleeping          ||     1
  Eat: Chunk             ||     1
Armor: Ring mail         ||    49
       Robe              ||     2
Dodge: Dodged            ||    62

Vault maps used:
D:1:      dpeg_arrival_shelter
D:2:      nicolae_overflow_crystal_walls, minmay_cut_off,
          uniq_crazy_yiuf_cottage
D:3:      zin_angel, tso_oasis_becter, old_standard_altar, first_bread

Table legend:
 A = Turns spent in this place as a percentage of turns spent in the entire game.
 B = Non-inter-level travel turns spent in this place as a percentage of non-inter-level travel turns spent in the entire game.
 C = Inter-level travel turns spent in this place as a percentage of turns spent in this place.
 D = Turns resting spent in this place as a percentage of non-inter-level travel turns spent in this place.
 E = Turns spent auto-exploring this place as a percentage of non-inter-level travel turns spent in this place.
 F = Non-inter-level travel turns spent in this place divided by the number of levels of this place that you've seen.
                   A       B       C       D       E      F
               +-------+-------+-------+-------+-------+----------------------
         Total | 100.0 | 100.0 |   0.2 |   2.0 |   4.6 | 167.3
       Dungeon | 100.0 | 100.0 |   0.2 |   2.0 |   4.6 | 167.3
               +-------+-------+-------+-------+-------+----------------------

Table legend:
 A = Kills in this place as a percentage of kills in entire the game.
 B = Kills by you in this place as a percentage of kills by you in the entire game.
 C = Kills by friends in this place as a percentage of kills by friends in the entire game.
 D = Other kills in this place as a percentage of other kills in the entire game.
 E = Experience gained in this place as a percentage of experience gained in the entire game.
 F = Experience gained in this place divided by the number of levels of this place that you have seen.
                   A       B       C       D       E      F
               +-------+-------+-------+-------+-------+----------------------
         Total | 100.0 | 100.0 |  -nan |  -nan | 100.0 |   6.7
       Dungeon | 100.0 | 100.0 |  -nan |  -nan | 100.0 |   6.7
               +-------+-------+-------+-------+-------+----------------------
